 Dungeon Crawl Stone Soup version 0.22.1-2-g9c5b331383 (webtiles) character file.

34 Sice the Scratcher (level 3, -1/15 HPs)
             Began as a Felid Transmuter on Dec 9, 2018.
             Slain by Terence
             ... wielding a +0 falchion
              (5 damage)
             ... on level 2 of the Dungeon.
             The game lasted 00:17:52 (1784 turns).

Sice the Scratcher (Felid Transmuter)               Turns: 1784, Time: 00:17:52

Health: -1/15      AC:  1    Str:  4 (6)  XL:     3   Next: 14%
Magic:  5/7        EV: 18    Int: 12 (15) God:
Gold:   101        SH:  0    Dex: 13 (16) Spells: 2/6 levels left
                                        Lives:  0   Deaths: 0

rFire    . . .     SeeInvis +     - Unarmed
rCold    . . .     Gourm    .   (shield unavailable)
rNeg     + . .     Faith    .   (armour unavailable)
rPois    .         Spirit   .   (helmet unavailable)
rElec    .         Reflect  .   (cloak unavailable)
rCorr    .         Harm     .   (gloves unavailable)
MR       .....                  (boots unavailable)
Stlth    ++........             (no amulet)
HPRegen  0.05/turn              b - ring of positive energy
MPRegen  0.10/turn              (no ring)

@: quick
A: very small, no armour, no weapons or thrown items, stealth, claws 1, fangs 3,
see invisible, carnivore, speed 1, shaggy fur 1, slow metabolism 1, sharp paws
a: no special abilities


You were on level 2 of the Dungeon.
You were not hungry.

You visited 1 branch of the dungeon, and saw 2 of its levels.

You collected 101 gold pieces.

Inventory:

Missiles
 a - 12 arrows
Jewellery
 b - a ring of positive energy (left paw)
Scrolls
 e - a scroll of amnesia {unknown}
 f - a scroll of remove curse {unknown}
Comestibles
 c - 2 rations


   Skills:
 + Level 1.1 Fighting
 + Level 3.2 Dodging
 + Level 0.9 Stealth
 + Level 3.5 Unarmed Combat
 + Level 2.1 Spellcasting
 + Level 2.6 Transmutations


You had 2 spell levels left.
You knew the following spells:

 Your Spells              Type           Power        Failure   Level  Hunger
a - Beastly Appendage     Tmut           #.....       9%          1    ##.....
b - Spider Form           Tmut/Pois      #.........   43%         3    ####...

Your spell library contained the following spells:

 Spells                   Type           Power        Failure   Level  Hunger
 Sticks to Snakes         Tmut           #.......     14%         2    ###....
 Ice Form                 Ice/Tmut       #.......     83%         4    #####..
 Blade Hands              Tmut           #.........   94%         5    ######.


Dungeon Overview and Level Annotations

Branches:
Dungeon (2/15)

Altars:
Kikubaaqudgha
Zin

Annotations:
D:2 Terence


Innate Abilities, Weirdness & Mutations

You cannot wear armour.
You are incapable of wielding weapons or throwing items.
Your paws allow you to move quietly. (Stealth)
You have sharp claws.
You have razor-sharp teeth.
You have supernaturally acute eyesight. (SInv)
You are carnivorous and can eat meat at any time.
You cover ground quickly.
You are covered in fur. (AC +1)
You have a slow metabolism.
Your sharp claws are effective at attacking unaware monsters.


Message History

Found an escape hatch in the ceiling.
There is an open door here.
Casting: Beastly Appendage (safe; 9% risk of failure)
Confirm with . or Enter, or press ? or * to list all spells.
You turn into a venomous arachnid creature.
You hit Terence.
Terence is lightly wounded.
Terence hits you with a falchion.
You barely miss Terence.
Terence is lightly wounded.
Terence hits you with a falchion.
* * * LOW HITPOINT WARNING * * *
Terence barely misses you.
There is an open door here.
Your transformation is almost over.
There is an open door here.
Your transformation has ended.
Terence shouts, "Now you die!" Terence hits you with a falchion.
You die...

#.......# #.......#
#.......# #.
#.......# #.
#.......# #.
#.......# #.
###'######## #.
#@.......#########.
#.@................
#..................
#.................#
#.######..........#
#.# ############
#.# #.# #.# ##'##


You could see Terence.

Vanquished Creatures
  A dart slug (D:1)
  A leopard gecko (D:2)
  10 bats
  2 giant cockroaches (D:1)
  6 goblins (D:1)
  3 hobgoblins (D:1)
  2 kobolds (D:1)
  4 rats (D:1)
29 creatures vanquished.

Notes
Turn   | Place    | Note
-------+----------+-------------------------------------------
     0 | D:1      | Sice the Felid Transmuter began the quest for the Orb.
     0 | D:1      | Reached XP level 1. HP: 9/9 MP: 4/4
   144 | D:1      | Reached XP level 2. HP: 3/12 MP: 4/6
  1440 | D:1      | Reached XP level 3. HP: 15/15 MP: 5/7
  1445 | D:1      | Learned a level 3 spell: Spider Form
  1729 | D:2      | Found an ancient bone altar of Kikubaaqudgha.
  1729 | D:2      | Found a glowing silver altar of Zin.
  1765 | D:2      | Noticed Terence
  1784 | D:2      | Slain by Terence

Skill      XL: |  1  2 |
---------------+-------+-----
Dodging        | 3 |  3.2
Fighting       | |  1.1
Stealth        | |  0.9
Unarmed Combat | |  3.5
Spellcasting   | |  2.1
Transmutations | |  2.6

Action                   || total
-------------------------++-------
Melee: Unarmed           ||    78
       Headbutt          ||     4
       Bite              ||     4
       Punch             ||     1
 Cast: Beastly Appendage ||    20
       Spider Form       ||     4
  Use: Scroll            ||     4
       Potion            ||     2
 Stab: Sleeping          ||     3
  Eat: Chunk             ||     2
Armor: Skin              ||     7
Dodge: Dodged            ||    79
